 Dungeon Crawl Stone Soup version 0.26-a0-652-gafc20e3620 (webtiles) character file.

Game seed: 15388722285712948238

189 muata the Covert (level 5, -4/38 HPs)
             Began as a Vampire Brigand on Oct 3, 2020.
             Killed by divine providence
             ... invoked by an orc priest
              (14 damage)
             ... on level 3 of the Dungeon.
             The game lasted 00:10:07 (2928 turns).

muata the Covert (Vampire Brigand)                  Turns: 2928, Time: 00:10:08

Health: -4/38      AC:  4    Str: 10    XL:     5   Next: 40%
Magic:  5/5        EV: 13    Int: 14    God:
Gold:   127        SH:  0    Dex: 16    Spells: 4/4 levels left

rFire    . . .     SeeInvis +   a - +2 dagger
rCold    . . .     Faith    .   (no shield)
rNeg     . . .     Spirit   .   r - +0 leather armour
rPois    .         Reflect  .   (no helmet)
rElec    .         Harm     .   c - +0 cloak
rCorr    .         Rampage  .   (no gloves)
MR       .....                  (no boots)
Stlth    ++++......             (no amulet)
HPRegen  0.32/turn              (no ring)
MPRegen  0.09/turn              (no ring)

@: regenerating quickly
A: fangs 3, see invisible, unbreathing
a: Exsanguinate


You were on level 3 of the Dungeon.
You visited 1 branch of the dungeon, and saw 4 of its levels.

You collected 127 gold pieces.

Inventory:

Hand Weapons
 a - a +2 dagger (weapon)
Missiles
 d - 8 poisoned darts (quivered)
 e - 2 curare-tipped darts
Armour
 b - a +0 robe
 c - a +0 cloak (worn)
 r - a +0 leather armour (worn)
Jewellery
 f - a cursed -4 ring of evasion {unknown}
 i - a cursed ring of attention {unknown}
 o - a +6 ring of strength {unknown}
 p - an uncursed ring of flight {unknown}
Scrolls
 g - 4 scrolls of identify {unknown}
 h - a scroll of enchant weapon {unknown}
 l - 2 scrolls of fear {unknown}
 m - 2 scrolls of remove curse {unknown}
 n - a scroll of immolation {unknown}
 s - a scroll of magic mapping {unknown}
Potions
 j - 2 potions of resistance {unknown}
 k - a potion of heal wounds {unknown}
 q - a potion of curing {unknown}


   Skills:
 + Level 2.1 Fighting
 + Level 2.7 Short Blades
 - Level 1.5 Throwing
 + Level 3.9 Dodging
 + Level 8.0 Stealth


You had 4 spell levels left.
You didn't know any spells.
Your spell library was empty.

Dungeon Overview and Level Annotations

Branches:
Dungeon (4/15)
 Temple: D:4-7

Altars:


Innate Abilities, Weirdness & Mutations

Your natural rate of healing is unusually fast.
You have razor-sharp teeth.
You have supernaturally acute eyesight. (SInv)
You can survive without breathing.


Message History

The orc priest hits you with a +0 mace.
You hit the orc priest but do no damage.
The orc priest is moderately wounded.
The orc priest mumbles some strange prayers to Beogh against you.
Beogh smites you!
You completely miss the orc priest.
The orc priest is moderately wounded.
The orc priest hits you with a +0 mace.
* * * LOW HITPOINT WARNING * * *
You closely miss the orc priest.
The orc priest is moderately wounded.
You closely miss the orc priest.
The orc priest is moderately wounded.
The orc priest hits you but does no damage.
You hit the orc priest but do no damage.
You bite the orc priest.
The orc priest is heavily wounded.
The orc priest invokes the aid of Beogh against you.
Beogh smites you!
You die...

####.####...................
#.# ####.##.##.#########
####.#######.##.#####.....[.
#............##.# ########
####.######.....# #......
#.# #..############### #.#
#................. #.#
#..###############
#.######@)...............
#........o....###########
#####.........# #.........#
#.........# #.........#
#####'###########
#####'####......#
#...............#####


You could see an orc priest.

Vanquished Creatures
  An orc wizard (D:4)
  3 adders (D:3)
  4 gnolls
  4 worms
  2 dart slugs (D:1)
  6 leopard geckos
  2 orcs (D:3)
  8 bats
  2 giant cockroaches (D:1)
  7 goblins
  11 hobgoblins
  6 jackals (D:1)
  7 kobolds (D:1)
  A quokka (D:3)
  4 frilled lizards
  6 rats
74 creatures vanquished.

Vanquished Creatures (others)
  7 plants (D:1)
7 creatures vanquished.

Grand Total: 81 creatures vanquished

Notes
Turn   | Place    | Note
-------+----------+-------------------------------------------
     0 | D:1      | muata the Vampire Brigand began the quest for the Orb.
     0 | D:1      | Reached XP level 1. HP: 16/16 MP: 1/1
    52 | D:1      | Reached skill level 6 in Stealth
    90 | D:1      | Reached XP level 2. HP: 22/22 MP: 2/2
   421 | D:1      | Reached XP level 3. HP: 27/27 MP: 3/3
   659 | D:1      | Reached skill level 7 in Stealth
  1031 | D:2      | Reached XP level 4. HP: 33/33 MP: 4/4
  2051 | D:3      | Reached XP level 5. HP: 33/38 MP: 5/5
  2887 | D:4      | Reached skill level 8 in Stealth
  2928 | D:3      | Killed from afar by an orc priest

Illustrated notes

Levels and vault maps discovered:
D:1:      scummos_arrival_forest, layout_basic, hex_tiny,
          minmay_misc_feat_encased, lexackson_kobold_supper
D:2:      layout_loops_ring
D:3:      layout_basic
D:4:      layout_loops_ring, uniq_menkaure

Skill      XL: |  1  2  3  4  5 |
---------------+----------------+-----
Stealth        | 6 7 8 |  8.0
Dodging        | 2 3 |  3.9
Fighting       | 2 |  2.1
Short Blades   | |  2.7
Throwing       | |  1.5

Action                   |  1- 3 |  4- 6 || total
-------------------------+-------+-------++-------
Melee: Dagger            |   128 |   136 ||   264
       Bite              |    10 |    15 ||    25
 Stab: Sleeping          |    12 |    11 ||    23
Armor: Robe              |    27 |     4 ||    31
       Leather armour    |       |    10 ||    10
Dodge: Dodged            |    79 |    55 ||   134

Table legend: (Time is in decaauts)
 A = Elapsed time spent in this place.
 B = Non-inter-level travel time spent in this place.
 C = Inter-level travel time spent in this place.
 D = Time resting spent in this place.
 E = Time spent auto-exploring this place.
 F = Levels seen in this place.
 G = Mean time per level.
                   A        B        C        D        E       F      G
               +--------+--------+--------+--------+--------+-----+--------+
         Total |   2902 |   2788 |    114 |    163 |   1888 |   4 |  725.5 |
       Dungeon |   2902 |   2788 |    114 |    163 |   1888 |   4 |  725.5 |
               +--------+--------+--------+--------+--------+-----+--------+

Top non-repeatable levels by time:
     D:3: 1009 daAuts
     D:1: 937 daAuts
     D:2: 848 daAuts
     D:4: 106 daAuts
